Map: Апофеоз РВ

Players

ŠƤŘĬŇǦ - Winner!

  • Race: Terran Terran
  • League: Gold

VodKracing

  • Race: Protoss Protoss
  • League: Gold

VOD

Have the link to the VOD?

Description

Time

  • Played on: July 22, 2016, 8:21 a.m.
  • Length: 12:22
Show
View Real Time Build Order
Export as new Build Order

ŠƤŘĬŇǦ Terran - Winner!

Build Orders: MMM Bio 

Get SALT Encoding   

  12  0:01  SCV  
  13  0:13  SCV  
  14  0:17  Supply Depot  
  14  0:25  SCV  
  15  0:39  SCV  
  15  0:40  Barracks  
  16  0:51  SCV  
  16  0:55  Supply Depot  
  17  1:03  SCV  
  18  1:15  SCV  
  19  1:28  Command Center  
  19  1:32  Marine  
  20  1:40  SCV  
  20  1:46  Refinery  
  21  1:47  Refinery  
  21  1:51  Marine  
  21  1:52  SCV  
  23  2:04  SCV  
  24  2:14  Engineering Bay  
  24  2:16  Marine  
  21  2:22  Orbital Command  
  25  2:37  Barracks  
  25  2:47  Orbital Command  
  25  2:51  SCV  
  26  3:03  SCV  
  27  3:06  Barracks Tech Lab  
  27  3:09  Factory  
  28  3:12  SCV  
  28  3:15  SCV  
  29  3:23  Barracks Reactor  
  29  3:27  SCV  
  30  3:29  Stimpack, Marine  
  31  3:35  SCV  
  31  3:39  SCV  
  33  3:47  SCV, Marine  
  35  3:51  SCV  
  35  3:54  Starport, Factory Tech Lab  
  36  3:59  SCV  
  36  4:02  Marine x2  
  39  4:03  SCV  
  39  4:05  Marine  
  41  4:17  Barracks  
  41  4:20  Marine x2  
  41  4:21  SCV x2  
  41  4:23  Marine  
  46  4:25  Supply Depot  
  46  4:26  Supply Depot  
  46  4:37  Factory Tech Lab  
  46  4:47  Marine x3, Raven  
  46  4:50  SCV x2  
  53  4:53  Refinery  
  53  4:54  Refinery  
  53  4:59  Siege Tank  
  56  5:02  SCV x2  
  56  5:04  Marine x2  
  56  5:05  Marine x2  
  62  5:18  Supply Depot  
  62  5:19  Supply Depot  
  62  5:30  Barracks Reactor  
  62  5:40  SCV x2, Marine x3, Siege Tank  
  70  5:44  Supply Depot  
  70  5:58  Combat Shields, Marine x3  
  73  6:06  SCV x2  
  73  6:09  Barracks  
  75  6:11  Barracks  
  75  6:12  Supply Depot  
  75  6:13  Siege Tank  
  75  6:15  Marine x3  
  81  6:18  SCV x2  
  81  6:21  Medivac  
  81  6:24  Barracks Tech Lab  
  85  6:30  SCV  
  85  6:31  SCV  
  85  6:32  Medivac  
  81  6:42  SCV  
  81  6:45  Liberator  
  76  6:51  Medivac  
  74  7:04  Marine x6, Liberator  
  83  7:16  SCV  
  83  7:17  SCV  
  83  7:21  Marine  
  83  7:22  Marine x5  
  94  7:38  Supply Depot  
  94  7:39  Command Center  
  94  7:40  Supply Depot  
  94  7:42  Liberator  
  94  7:46  Barracks Tech Lab, Barracks Reactor  
  94  7:59  Marine  
  94  8:00  SCV x2  
  100  8:08  Marine x4  
  100  8:12  SCV x2  
  106  8:17  Marine  
  107  8:26  Marine x3  
  110  8:31  Marine x3  
  113  8:35  Marine  
  114  8:44  Marine x3  
  117  8:49  Marine x3  
  117  8:53  Marine  
  121  9:02  Marine x3  
  118  9:07  Marine  
  82  9:24  Marine x7  
  88  9:31  Liberator x2  
  85  9:42  Marine x7  
  85  9:45  SCV  
  85  9:46  SCV x2  
  85  9:47  Siege Tank  
  95  9:54  Engineering Bay  
  95  9:57  SCV  
  95  9:58  SCV  
  95  9:59  Marine  
  98  10:00  Marine, Orbital Command  
  99  10:08  Engineering Bay  
  99  10:09  Marine x2  
  99  10:10  SCV x2  
  99  10:13  Engineering Bay  
  103  10:14  Marauder x2  
  103  10:15  Marauder  
  103  10:17  Marine  
  103  10:18  Marine  
  111  10:22  SCV x2  
  111  10:27  Marine x2  
  115  10:35  Marine  
  115  10:36  Marauder x3, Marine  
  115  10:38  Siege Tank  
  115  10:39  Medivac x2  
  130  10:44  Marine  
  130  10:45  Marine  
  132  10:50  Supply Depot  
  132  10:52  Supply Depot  
  132  10:53  Marine x2  
  132  10:54  Missile Turret  
  134  10:57  Marauder, Marine, Missile Turret  
  134  10:58  Missile Turret  
  137  11:19  Missile Turret  
Show
View Real Time Build Order
Export as new Build Order

VodKracing Protoss 

Build Orders: 1 Gate Expand 

Get SALT Encoding   

  12  0:01  Probe (Chrono Boost)  
  13  0:12  Probe (Chrono Boost)  
  14  0:23  Pylon  
  14  0:24  Probe (Chrono Boost)  
  15  0:41  Probe (Chrono Boost)  
  15  0:42  Gateway  
  16  0:51  Probe (Chrono Boost)  
  17  1:03  Probe (Chrono Boost)  
  18  1:16  Nexus  
  18  1:21  Probe (Chrono Boost)  
  19  1:29  Assimilator  
  19  1:38  Cybernetics Core  
  19  1:43  Assimilator  
  20  1:54  Probe (Chrono Boost), Pylon  
  20  2:05  Probe (Chrono Boost)  
  21  2:13  Adept  
  24  2:15  Probe (Chrono Boost)  
  24  2:27  Probe (Chrono Boost)  
  24  2:29  Gateway  
  24  2:35  Pylon  
  24  2:40  Probe (Chrono Boost)  
  24  2:41  Probe (Chrono Boost)  
  26  2:48  Warp Gate  
  26  2:50  Probe (Chrono Boost)  
  27  2:53  Probe (Chrono Boost)  
  28  3:06  Adept, Probe (Chrono Boost)  
  28  3:08  Probe (Chrono Boost)  
  28  3:10  Robotics Facility  
  32  3:18  Stalker  
  34  3:24  Probe (Chrono Boost)  
  34  3:25  Probe (Chrono Boost)  
  36  3:36  Twilight Council  
  36  3:37  Probe (Chrono Boost)  
  36  3:38  Probe (Chrono Boost)  
  38  3:46  Pylon  
  38  3:50  Probe (Chrono Boost)  
  39  3:59  Observer, Gateway, Pylon  
  40  4:04  Resonating Glaives  
  40  4:07  Pylon  
  40  4:10  Pylon  
  40  4:12  Assimilator  
  40  4:13  Probe x2 (Chrono Boost)  
  40  4:14  Assimilator  
  42  4:28  Observer  
  43  4:33  Probe x2 (Chrono Boost)  
  45  4:44  Warp Prism  
  45  4:45  Probe (Chrono Boost)  
  48  4:57  Adept x2  
  48  4:58  Adept  
  54  5:10  Gateway  
  54  5:11  Gateway, Probe x2 (Chrono Boost)  
  54  5:13  Gateway  
  56  5:15  Pylon  
  56  5:23  Probe x2 (Chrono Boost)  
  58  5:35  Blink  
  58  5:37  Adept x3  
  64  5:53  Observer  
  64  5:58  Forge  
  64  6:00  Forge  
  64  6:17  Nexus  
  64  6:18  Adept x3  
  64  6:19  Adept x3  
  58  6:56  Protoss Ground Weapons Level 1  
  58  6:57  Adept x6, Protoss Ground Armor Level 1  
  70  7:11  Mothership Core (Chrono Boost)  
  70  7:18  Stalker x3  
  70  7:19  Pylon, Stalker  
  70  7:20  Stalker  
  80  7:33  Immortal, Pylon  
  84  7:41  Probe (Chrono Boost)  
  84  7:43  Probe x2 (Chrono Boost)  
  87  7:47  Adept x2  
  87  7:51  Stalker  
  93  7:55  Probe (Chrono Boost)  
  93  7:57  Charge  
  94  8:26  Stalker x4  
  100  8:27  Stalker x2  
  104  8:35  Probe (Chrono Boost)  
  104  8:36  Probe x2 (Chrono Boost)  
  107  8:42  Pylon  
  107  8:46  Pylon  
  107  8:47  Pylon  
  109  8:48  Probe x2 (Chrono Boost)  
  108  9:05  Photon Cannon  
  108  9:16  Adept x3  
  108  9:17  Adept x3  
  64  9:40  Stalker x6  
  74  9:54  Probe (Chrono Boost), Protoss Ground Weapons Level 2  
  74  9:55  Probe x2 (Chrono Boost)  
  77  10:04  Pylon  
  77  10:06  Probe (Chrono Boost)  
  80  10:07  Probe x2 (Chrono Boost)  
  80  10:10  Assimilator  
  80  10:14  Assimilator  
  80  10:16  Pylon  
  80  10:17  Probe (Chrono Boost)  
  80  10:19  Probe x2 (Chrono Boost)  
  83  10:24  Observer  
  83  10:25  Pylon  
  83  10:27  Pylon  
  84  10:31  Probe (Chrono Boost)  
  85  10:42  Templar Archives  
  85  10:46  Photon Cannon  
  85  10:50  Photon Cannon  
  85  10:52  Nexus  
  85  10:56  Pylon  
  85  11:04  Adept x2  
  89  11:16  Adept x3  
  97  11:27  Mothership Core (Chrono Boost)  
  97  11:29  Stalker x2  
  97  11:31  Stalker  
  103  11:37  High Templar x3  
  105  11:43  Archon  
  99  11:54  High Templar  
  99  11:59  Archon  
  99  12:05  Adept x2  
Tags
 
Add a new tag
Caveats
  • Supply blocks, unpowered buildings, or Contaminate may cause inaccurate times.
  • Supply counts are checked every 10 seconds.